 Dungeon Crawl Stone Soup version 0.26-a0-712-ga5a9c9c9d0 (webtiles) character file.

Game seed: 9766520138156723299

1018 Azzok the Cleaver (level 8, 49/87 HPs)
             Began as a Demonspawn Berserker on Nov 6, 2020.
             Was a Priest of Trog.
             Quit the game on level 6 of the Dungeon.
             The game lasted 00:05:22 (6448 turns).

Azzok the Cleaver (Demonspawn Berserker)            Turns: 6448, Time: 00:05:23

Health: 49/87      AC:  8    Str: 26    XL:     8   Next: 2%
Magic:  8/8        EV: 10    Int:  9    God:    Trog [***...]
Gold:   329        SH:  0    Dex: 12    Spells: 7/7 levels left

rFire    . . .     SeeInvis .   w - +0 war axe (drain)
rCold    . . .     Faith    .   (no shield)
rNeg     . . .     Spirit   .   k - +0 scale mail
rPois    .         Reflect  .   (no helmet)
rElec    .         Harm     .   j - +0 cloak
rCorr    +         Rampage  .   (no gloves)
MR       .....                  (no boots)
Stlth    ..........             p - amulet of the acrobat
HPRegen  0.24/turn              e - +6 ring of strength
MPRegen  0.11/turn              r - ring of resist corrosion

@: berserking (expiring), very quick
A: claws 2, powered by pain 1, rot immunity, sharp scales 1
a: Berserk, Trog's Hand, Renounce Religion


You were on level 6 of the Dungeon.
You worshipped Trog.
Trog was most pleased with you.
You visited 1 branch of the dungeon, and saw 6 of its levels.

You collected 329 gold pieces.

Inventory:

Hand Weapons
 a - a +0 hand axe
 t - the +5 short sword "Wofazy" {vorpal, Int+5 Dex+4}
   (You found it on level 5 of the Dungeon)

   It inflicts extra damage upon your enemies.
   It affects your intelligence (+5).
   It affects your dexterity (+4).
 w - a +0 war axe of draining (weapon)
Armour
 j - a +0 cloak (worn)
 k - a +0 scale mail (worn)
Jewellery
 e - a +6 ring of strength (left claw)
 p - an amulet of the acrobat (around neck)
 r - a ring of resist corrosion (right claw)
Scrolls
 b - 3 scrolls of remove curse
 c - a scroll of identify
 f - a scroll of teleportation
 l - a scroll of amnesia {unknown}
 m - 2 scrolls of random uselessness {unknown}
 o - a scroll of noise {unknown}
 q - a scroll of blinking {unknown}
 s - 3 scrolls of fear {unknown}
Potions
 d - 5 potions of heal wounds
 g - a potion of lignification
 h - a potion of might
 i - a potion of curing
 n - 2 potions of flight {unknown}
 u - a potion of stabbing {unknown}
 v - a potion of brilliance {unknown}


   Skills:
 - Level 3.0 Fighting
 + Level 9.0 Axes
 - Level 1.7 Armour
 - Level 1.7 Dodging


You had 7 spell levels left.
You didn't know any spells.
Your spell library was empty.

Dungeon Overview and Level Annotations

Branches:
Dungeon (6/15)
 Temple: D:4-7

Altars:
Nemelex Xobeh
Trog


Innate Abilities, Weirdness & Mutations

You have very sharp fingernails.
You sometimes gain a little power by taking damage.
You are immune to rotting.
You are partially covered in razor-sharp scales. (AC +1, Slay +1)


Message History

The orc wizard mumbles some strange words.
The orc wizard blinks!
The orc priest hits you but does no damage.
You slash the orc priest!
You kill the orc priest!
Trog accepts your kill.
You slash the orc wizard!
The orc wizard is severely wounded.
You barely miss the orc wizard.
The orc wizard is severely wounded.
The orc wizard barely misses you.
You slash the orc wizard!
You kill the orc wizard!
Trog accepts your kill.
Trog appreciates your killing of a magic user.
Your Axes skill increases to level 9!
You have reached level 8!
You feel clever.
Your demonic ancestry asserts itself...
Sharp scales grow over part of your body.
Are you sure you want to abandon this character and quit the game? (Confirm with "yes".)

··· ··▒ ▒▒·▒▒····▒▒▒·· ▒···
▒·▒ ▒▒··▒▒▒▒>·▒▒··▒ ▒··▒
▒·▒▒▒·····▒▒······▒ ·▒ ▒···
▒··▒··············▒
··▒▒···▒▒▒▒···†▒▒▒▒▒▒▒·······
▒··▒····▒▒····▒▒ ▒··▒▒····
▒············▒ ▒·▒▒▒▒▒··
▒····†)·····▒▒▒▒···· ▒▒·
▒····)···)@······▒·· ▒·
▒····(▒▒·))▒▒··▒▒▒▒· ▒··
▒····)···)▒▒ ▒·[▒ ▒···
▒··········▒▒····· ···▒▒
▒·········(·········· ···
··········((··········
···············o······
·····▒············▒▒·▒
·····≈≈≈≈≈≈······▒▒


There were no monsters in sight!

Vanquished Creatures
  A sky beast (D:6)
  An ice beast (D:6)
  A phantom (D:4)
  A centaur (D:5)
  A bullfrog (D:5)
  A water moccasin zombie (D:5)
  A howler monkey (D:5)
  2 bullfrog zombies (D:6)
  Crazy Yiuf (D:2)
  An orc priest (D:6)
  4 orc wizards
  3 worker ants
  A hound skeleton (D:4)
  A howler monkey zombie (D:5)
  6 adders
  A white imp (D:6)
  2 oozes
  A worm (D:2)
  5 dart slugs
  5 leopard geckos
  18 orcs
  A ball python (D:1)
  3 giant cockroaches
  7 goblins
  7 hobgoblins
  3 jackals (D:3)
  3 quokkas
  7 bats
  7 frilled lizards
  A kobold (D:3)
  11 rats
108 creatures vanquished.

Vanquished Creatures (others)
  14 plants (D:1)
14 creatures vanquished.

Grand Total: 122 creatures vanquished

Notes
Turn   | Place    | Note
-------+----------+-------------------------------------------
     0 | D:1      | Azzok the Demonspawn Berserker began the quest for the Orb.
     0 | D:1      | Reached XP level 1. HP: 18/18 MP: 1/1
    32 | D:1      | Reached skill level 3 in Axes
   253 | D:1      | Gained mutation: You have sharp fingernails. [demonic
                  | ancestry]
   253 | D:1      | Reached XP level 2. HP: 23/24 MP: 2/2
  1101 | D:1      | Found a sparkling altar of Nemelex Xobeh.
  1184 | D:1      | Gained mutation: You have very sharp fingernails. [demonic
                  | ancestry]
  1184 | D:1      | Reached XP level 3. HP: 29/29 MP: 3/3
  1468 | D:2      | Reached skill level 4 in Axes
  1630 | D:2      | Reached ** piety under Trog
  1854 | D:2      | Found a runed translucent door.
  1855 | D:2      | Noticed Crazy Yiuf
  2140 | D:2      | Noticed a moth of wrath
  2143 | D:2      | Found a bloodstained altar of Trog.
  2432 | D:2      | Gained mutation: You are immune to rotting. [demonic
                  | ancestry]
  2432 | D:2      | Reached XP level 4. HP: 26/35 MP: 4/4
  2709 | D:2      | Killed Crazy Yiuf
  3173 | D:3      | Reached skill level 5 in Axes
  3516 | D:3      | Reached XP level 5. HP: 41/41 MP: 5/5
  3954 | D:4      | Noticed a phantom
  3972 | D:4      | Killed a phantom
  3972 | D:4      | Reached skill level 6 in Axes
  3972 | D:4      | Gained mutation: You sometimes gain a little power by
                  | taking damage. [demonic ancestry]
  3972 | D:4      | Reached XP level 6. HP: 21/47 MP: 6/6
  4807 | D:5      | Entered Level 5 of the Dungeon
  4895 | D:5      | Got a slimy short sword
  4896 | D:5      | Identified the +5 short sword "Wofazy" {vorpal, Int+5
                  | Dex+4} (You found it on level 5 of the Dungeon)
  5293 | D:5      | Reached *** piety under Trog
  5293 | D:5      | Reached skill level 7 in Axes
  5471 | D:5      | Reached XP level 7. HP: 52/52 MP: 7/7
  5933 | D:6      | Reached skill level 8 in Axes
  6072 | D:6      | HP: 1/78 [white imp/puff of frost (10)]
  6447 | D:6      | Reached skill level 9 in Axes
  6447 | D:6      | Gained mutation: You are partially covered in razor-sharp
                  | scales. (AC +1, Slay +1) [demonic ancestry]
  6447 | D:6      | Reached XP level 8. HP: 49/58 MP: 8/8
  6448 | D:6      | Quit the game

Illustrated notes

Levels and vault maps discovered:
D:1:      roderic_crop_circles_arrival_small, layout_basic,
          nemelex_xobeh_ov_fountains_minmay
D:2:      layout_loops_ring, tgw_trog, uniq_crazy_yiuf_cottage
D:3:      layout_basic
D:4:      layout_basic, kennysheep_generic_room_9
D:5:      layout_rooms, chequers_serial_rivers_micro_b
D:6:      layout_layer_cave, minmay_temple_entry_fiery, gup_sewer_entry_pipe,
          basic_altar, centaur_isle

Skill      XL: |  1  2  3  4  5  6  7 |
---------------+----------------------+-----
Axes           | 3 4 5 6 7 9 |  9.0
Fighting       | |  3.0
Armour         | |  1.7
Dodging        | |  1.7

Action                   |  1- 3 |  4- 6 |  7- 9 || total
-------------------------+-------+-------+-------++-------
Melee: Hand axe          |   151 |     4 |       ||   155
       Quarterstaff      |       |   108 |       ||   108
       Short sword       |       |    33 |     9 ||    42
       War axe           |       |       |    37 ||    37
Invok: Berserk           |     4 |     1 |     3 ||     8
  Use: Scroll            |     6 |     1 |       ||     7
Armor: Animal skin       |    24 |       |       ||    24
       Scale mail        |    36 |    62 |    20 ||   118
       Leather armour    |     3 |       |       ||     3
Dodge: Dodged            |    98 |    81 |    53 ||   232

Table legend: (Time is in decaauts)
 A = Elapsed time spent in this place.
 B = Non-inter-level travel time spent in this place.
 C = Inter-level travel time spent in this place.
 D = Time resting spent in this place.
 E = Time spent auto-exploring this place.
 F = Levels seen in this place.
 G = Mean time per level.
                   A        B        C        D        E       F      G
               +--------+--------+--------+--------+--------+-----+--------+
         Total |   6561 |   6358 |    203 |    571 |   4920 |   6 | 1093.5 |
       Dungeon |   6561 |   6358 |    203 |    571 |   4920 |   6 | 1093.5 |
               +--------+--------+--------+--------+--------+-----+--------+

Top non-repeatable levels by time:
     D:1: 1467 daAuts
     D:2: 1455 daAuts
     D:5: 1373 daAuts
     D:3: 1027 daAuts
     D:4: 938 daAuts
     D:6: 299 daAuts
